 Dungeon Crawl Stone Soup version 0.29-a0-925-g0a7a3d12f8 (webtiles) character file.

Game seed: 970718387032165329

602 Querens the Shield-Bearer (level 8, 0/68 HPs)
             Began as a Meteoran Fighter on July 29, 2022.
             Was an Initiate of Makhleb.
             Slain by Duvessa
             ... wielding a +0 short sword
              (13 damage)
             ... on level 5 of the Dungeon.
             The game lasted 00:09:22 (2372 turns).

Querens the Shield-Bearer (Meteoran Fighter)        Turns: 2372, Time: 00:09:22

Health: 0/68       AC: 13    Str: 19    XL:     8   Next: 1%
Magic:  10/10      EV:  9    Int: 10    God:    Makhleb [......]
Gold:   193        SH: 10    Dex: 14    Spells: 7/7 levels left

rFire   . . .      SeeInvis .   a - +0 war axe
rCold   . . .      Faith    .   c - +0 buckler
rNeg    . . .      Spirit   .   b - +0 scale mail
rPois   .          Reflect  +   m - +0 helmet
rElec   .          Harm     .   j - +1 cloak
rCorr   .          Rampage  .   x - +0 pair of gloves
Will    +....                   g - +0 pair of boots
Stlth   ..........              k - amulet of reflection
HPRegen 0.21/turn               (no ring)
MPRegen 0.12/turn               (no ring)

@: mighty, glowing
A: sense surroundings 1, otherworldly, glowing, explore regen
a: Renounce Religion


You were on level 5 of the Dungeon.
You worshipped Makhleb.
Makhleb was noncommittal.
You visited 2 branches of the dungeon, and saw 6 of its levels.

You collected 193 gold pieces.

Inventory:

Hand Weapons
 a - a +0 war axe (weapon)
Armour
 b - a +0 scale mail (worn)
 c - a +0 buckler (worn)
 g - a +0 pair of boots (worn)
 j - a +1 cloak (worn)
 m - a +0 helmet (worn)
 x - a +0 pair of gloves (worn)
Jewellery
 k - an amulet of reflection (around neck)
 u - an amulet of the acrobat
Wands
 l - a wand of light (11)
Scrolls
 h - 5 scrolls of identify
 o - a scroll of magic mapping {unknown}
 q - a scroll of teleportation {unknown}
 r - a scroll of enchant armour {unknown}
 s - a scroll of fear {unknown}
 t - a scroll of enchant weapon {unknown}
 w - a scroll of butterflies {unknown}
 y - a scroll of vulnerability {unknown}
Potions
 e - 6 potions of curing
 f - 3 potions of attraction
 i - 2 potions of lignification {unknown}
 n - 3 potions of magic {unknown}
 p - a potion of resistance {unknown}
 v - 2 potions of berserk rage {unknown}


   Skills:
 + Level 5.2 Fighting
 + Level 5.1 Axes
 + Level 5.7 Armour
 + Level 5.7 Shields
 + Level 2.0 Invocations


You had 7 spell levels left.
You didn't know any spells.
Your spell library contained the following spells:

 Spells                   Type           Power      Damage    Failure   Level
 Slow                     Hex            0%         N/A       80%         1
 Confusing Touch          Hex            0%         N/A       99%         3
 Gell's Gravitas          Tloc           0%         N/A       99%         3
 Teleport Other           Tloc           0%         N/A       99%         3
 Vampiric Draining        Necr           0%         2d6       99%         3
 Fireball                 Conj/Fire      0%         3d3       100%        5
 Dispersal                Tloc           0%         N/A       100%        6
 Starburst                Conj/Fire      0%         6d3       100%        6
 Ignition                 Fire           0%         3d3       100%        8


Dungeon Overview and Level Annotations

Branches:
Dungeon (5/15) Zot: 920    Temple (1/1) D:4 Zot: 422

Altars:
Cheibriados
Dithmenos
Elyvilon
Fedhas
Gozag
Hepliaklqana
Kikubaaqudgha
Makhleb
Nemelex Xobeh
Okawaru
Ru
Sif Muna
Trog
Uskayaw
Vehumet
Wu Jian
Xom
Yredelemnul
Zin
The Shining One

Annotations:
D:2 1 runed translucent door, Crazy Yiuf
D:5 Duvessa


Innate Abilities, Weirdness & Mutations

You passively map a small area around you.
You are easily found by Zot.
You glow in the dark.
You regain HP and MP as you explore.


Message History

You kill Dowan!
Makhleb accepts your kill.
Duvessa screams in rage.
Duvessa goes berserk!
The water moccasin bites you but does no damage.
You block Duvessa's attack. You block the water moccasin's attack.
The necrophage barely misses you. You block Duvessa's attack.
Your Axes skill increases to level 5!
Unknown command.
Unknown command.
You hit Duvessa.
Duvessa is heavily wounded.
You hit the necrophage.
You destroy the necrophage!
Makhleb accepts your kill.
You barely miss the water moccasin. The water moccasin closely misses you.
You block Duvessa's attack. You block the water moccasin's attack.
Duvessa completely misses you.
Your Invocations skill increases to level 2!
You have reached level 8!
Unknown command.
You completely miss Duvessa.
Duvessa is heavily wounded.
You closely miss the water moccasin. The water moccasin bites you.
You are poisoned.
The water moccasin poisons you! Duvessa hits you with a +0 short sword!
* * * LOW HITPOINT WARNING * * *
You block the water moccasin's attack. Duvessa hits you but does no damage.
Unknown command.
Unknown command.
It was a potion of curing.
You feel better. You block the water moccasin's attack.
Duvessa hits you with a +0 short sword!
* * * LOW HITPOINT WARNING * * *
As you read the scroll labelled XUEROS TODOD, it crumbles to dust.
It is a scroll of identify.
f - 3 potions of attraction Duvessa hits you with a +0 short sword.
* * * LOW HITPOINT WARNING * * *
You block the water moccasin's attack. Duvessa hits you with a +0 short sword!
You die...

, , ....#..... , * , ,
*..#....... ,, ,
,.........# ,, ,
..#....[.# *, , , , *
.........## .#
#.........#..##....#..#
*
......S.e...#*#....#..#
, ##@#######.......# ,
#..).##..#......# , *
,*###.............###
*#.###.....###....#.. ,
#..............#.... ,
, ,
,,....................
, ........##....>.....#
, ........##.........##
, ...
....................#


You could see Duvessa (berserk) and a water moccasin.

Vanquished Creatures
  2 black bears
  A necrophage (D:5)
  Dowan (D:5)
  Jessica (D:2)
  3 iguanas (D:4)
  Natasha (thrice) (D:3)
  6 adders
  An ufetubus (D:4)
  A worm (D:3)
  4 dart slugs
  2 orcs (D:3)
  6 ball pythons
  4 bats
  9 endoplasms
  4 giant cockroaches
  6 goblins
  2 hobgoblins
  7 kobolds
  6 quokkas
  3 frilled lizards
72 creatures vanquished.

Vanquished Creatures (others)
  2 fungi (D:2)
  A plant (D:2)
3 creatures vanquished.

Grand Total: 75 creatures vanquished

Notes
Turn   | Place    | Note
-------+----------+-------------------------------------------
     0 | D:1      | Querens the Meteoran Fighter began the quest for the Orb.
     0 | D:1      | Reached XP level 1. HP: 19/19 MP: 2/2
    29 | D:1      | Reached XP level 2. HP: 25/26 MP: 3/3
   490 | D:1      | Glimpsed the power of Zot.
   540 | D:1      | Glimpsed the power of Zot.
   575 | D:1      | Glimpsed the power of Zot.
   583 | D:1      | Touched by the power of Zot.
   611 | D:2      | Noticed Jessica
   616 | D:2      | Reached XP level 3. HP: 10/21 MP: 4/4
   770 | D:2      | Found a runed translucent door.
   771 | D:2      | Noticed Crazy Yiuf
   838 | D:2      | Reached XP level 4. HP: 18/35 MP: 5/5
   840 | D:2      | Killed Jessica
   963 | D:2      | Found a faded altar of an unknown god.
  1012 | D:3      | Reached XP level 5. HP: 44/45 MP: 6/6
  1127 | D:3      | Noticed Natasha
  1134 | D:3      | Killed Natasha
  1195 | D:3      | Noticed Natasha
  1205 | D:3      | Killed Natasha
  1301 | D:3      | Noticed Natasha
  1306 | D:3      | Reached XP level 6. HP: 53/53 MP: 7/7
  1313 | D:3      | Killed Natasha
  1391 | D:4      | Noticed a black bear
  1399 | D:4      | Killed a black bear
  1400 | D:4      | Reached skill level 5 in Armour
  1400 | D:4      | Reached skill level 5 in Shields
  1433 | D:4      | Reached XP level 7. HP: 44/60 MP: 8/8
  1468 | D:4      | Found a staircase to the Ecumenical Temple.
  1478 | Temple   | Entered the Ecumenical Temple
  1596 | Temple   | Became a worshipper of Makhleb the Destroyer
  2253 | D:5      | Entered Level 5 of the Dungeon
  2256 | D:5      | Found a radiant altar of Vehumet.
  2258 | D:5      | Found a hide-covered altar of Uskayaw.
  2293 | D:5      | Reached skill level 5 in Fighting
  2293 | D:5      | Reached skill level 1 in Invocations
  2353 | D:5      | Noticed Dowan
  2361 | D:5      | Noticed Duvessa
  2361 | D:5      | Noticed a water moccasin
  2368 | D:5      | Killed Dowan
  2369 | D:5      | Reached skill level 5 in Axes
  2370 | D:5      | Reached XP level 8. HP: 30/68 MP: 10/10
  2372 | D:5      | Slain by Duvessa

Illustrated notes

Levels and vault maps discovered:
D:1:      amcnicky_arrival_feature_with_door, layout_basic
D:2:      layout_rooms, dreamdust_ecumenical_altar_hidden_monk_grotto,
          kennysheep_path_1, uniq_jessica, uniq_crazy_yiuf_cottage
D:3:      layout_rooms, amcnicky_mini_corridor_feature, minmay_unequal,
          uniq_natasha
D:4:      layout_layer_cave, minmay_temple_entry_drinking_statues,
          kennysheep_generic_room_14
D:5:      layout_cave_pools, gammafunk_temple_overflow_forgotten, uniq_duvessa
Temple:   dpeg_five_rooms_temple

Skill      XL: |  1  2  3  4  5  6  7 |
---------------+----------------------+-----
Axes           | 3 4 5 |  5.1
Armour         | 4 5 |  5.7
Shields        | 4 5 |  5.7
Fighting       | 4 5 |  5.2
Invocations    | 2 |  2.0

Action                   |  1- 3 |  4- 6 |  7- 9 || total
-------------------------+-------+-------+-------++-------
Melee: War axe           |    79 |    98 |    56 ||   233
  Use: Potion            |       |       |     2 ||     2
       Scroll            |       |       |     1 ||     1
Armor: Scale mail        |    37 |    45 |    54 ||   136
Dodge: Dodged            |    35 |    45 |    21 ||   101
Block: Buckler           |    39 |    55 |    46 ||   140
       Reflection        |       |     4 |     4 ||     8

Table legend: (Time is in decaauts)
 A = Elapsed time spent in this place.
 B = Non-inter-level travel time spent in this place.
 C = Inter-level travel time spent in this place.
 D = Time resting spent in this place.
 E = Time spent auto-exploring this place.
 F = Levels seen in this place.
 G = Mean time per level.
                   A        B        C        D        E       F      G
               +--------+--------+--------+--------+--------+-----+--------+
         Total |   2456 |   2255 |    201 |      0 |     97 |   6 |  409.3 |
       Dungeon |   2278 |   2089 |    189 |      0 |      0 |   5 |  455.6 |
        Temple |    177 |    165 |     12 |      0 |     97 |   1 |  177.0 |
               +--------+--------+--------+--------+--------+-----+--------+

Top non-repeatable levels by time:
     D:4: 725 daAuts
     D:1: 685 daAuts
     D:3: 398 daAuts
     D:2: 346 daAuts
  Temple: 177 daAuts
     D:5: 123 daAuts
